 Dungeon Crawl Stone Soup version 0.17-a0-18-gc25b939 (webtiles) character file.

14125 Fluffy the Cleaver (level 12, -1/113 HPs)
             Began as a Hill Orc Gladiator on Mar 12, 2015.
             Was a High Priest of Beogh.
             Slain by a large abomination (21 damage)
             ... on level 3 of the Abyss.
             The game lasted 01:01:29 (12644 turns).

Fluffy the Cleaver (Hill Orc Gladiator)            Turns: 12644, Time: 01:01:31

Health: -1/113     AC: 24    Str: 22    XL:     12   Next: 13%
Magic:  25/25      EV:  8    Int:  8    God:    Beogh [*****.]
Gold:   1655       SH:  0    Dex: 14    Spells: 0 memorised, 11 levels left

rFire  . . .     SeeInvis .     M - +7 executioner's axe of Exoneration {elec, rC+ Dex+2}
rCold  + + .     Clarity  .     y - +0 plate armour
rNeg   . . .     SustAb   .     (no shield)
rPois  .         Gourm    .     L - +2 hat
rElec  .         Spirit   .     (no cloak)
rCorr  .         Warding  .     r - +1 pair of gloves
rMut   .         Stasis   .     F - +1 pair of boots {run}
MR     +....                    (no amulet)
Stlth  ..........               x - ring of protection from magic
                                j - ring of protection from cold

@: quick, somewhat resistant to hostile enchantments, extremely unstealthy
A: walk on water, fangs 1, spit poison 1
a: Spit Poison, Smiting, Recall Orcish Followers, Give Item to Named Follower,
Renounce Religion


You were on level 3 of the Abyss.
You worshipped Beogh.
Beogh was extremely pleased with you.
You were not hungry.

You visited 2 branches of the dungeon, and saw 15 of its levels.
You visited the Abyss 1 time.

You collected 1655 gold pieces.

Inventory:

Hand weapons
 c - a +1 war axe of flaming
 M - the +7 executioner's axe of Exoneration (weapon) {elec, rC+ Dex+2}
   (You acquired it on level 9 of the Dungeon)

   Occasionally, upon striking a foe, it will discharge some electrical energy
   and cause terrible harm.
   It affects your dexterity (+2).
   It protects you from cold.
Missiles
 d - 6 throwing nets (quivered)
 s - 5 tomahawks of returning
 C - 5 poisoned tomahawks
 G - 16 tomahawks
Armour
 r - a +1 pair of gloves (worn)
 y - a +0 plate armour (worn)
 F - a +1 pair of boots of running (worn)
 L - a +2 hat (worn)
Jewellery
 j - a ring of protection from cold (left hand)
 m - a cursed ring of protection from cold
 x - a ring of protection from magic (right hand)
Magical devices
 e - a wand of fireball (4)
 h - a wand of magic darts (28)
 H - a wand of confusion (4)
 N - a wand of cold (7)
Scrolls
 a - a scroll of blinking
 n - 3 scrolls of remove curse
 B - 6 scrolls of teleportation
 E - a scroll of recharging
 J - a scroll of magic mapping
 P - a scroll of holy word {unknown}
Potions
 b - a potion of might
 g - 2 potions of heal wounds
 k - a potion of resistance
 l - 4 potions of curing
 o - a potion of haste
 p - 5 potions of restore abilities
 q - 3 potions of brilliance
 t - 3 potions of agility
 u - 3 potions of decay {unknown}
 w - a potion of degeneration {unknown}
 z - 2 potions of poison {unknown}
 A - 3 potions of magic {unknown}
 D - a potion of cure mutation {unknown}
 K - a potion of berserk rage {unknown}
Comestibles
 f - 6 meat rations
 i - 12 bread rations
 v - 11 fruits
 I - a beef jerky
 O - 7 chunks of flesh


   Skills:
 + Level 12.3 Fighting
 + Level 13.6 Axes
 - Level 2.0 Throwing
 + Level 11.2 Armour
 - Level 2.4 Dodging
 + Level 9.3 Invocations


You had 11 spell levels left.
You didn't know any spells.

Dungeon Overview and Level Annotations

Branches:
Dungeon (11/15)            Temple (0/1) D:5            Lair (0/8) D:9
    Orc (4/4) D:11            Elf (0/3) Orc:3

Altars:
Ashenzari
Fedhas
Gozag
Kikubaaqudgha
Nemelex Xobeh
Okawaru
Qazlal
Trog
Zin

Shops:
D:7 (   D:8 *[   Orc:1 =!   Orc:3 %


Innate Abilities, Weirdness & Mutations

You can walk on water.
You have very sharp teeth.
You can spit poison.


Message History

You barely miss the large abomination.
The large abomination is moderately damaged.
The large abomination hits you but does no damage.
You hit the large abomination.
The large abomination is moderately damaged.
The large abomination hits you!
* * * LOW HITPOINT WARNING * * *
The large abomination hits you!
* * * LOW HITPOINT WARNING * * *
Found a shield.
Drink which item? (? for menu, Esc to quit)
You feel much better. The large abomination hits you.
* * * LOW HITPOINT WARNING * * *
You closely miss the large abomination.
You bite the large abomination, but do no damage.
The large abomination is moderately damaged.
The large abomination hits you.
* * * LOW HITPOINT WARNING * * *
The large abomination hits you!!
You die...

.# . # # .#.#
### .##
.#..###.## #.
.##..#
.....##.##..#
..#.##.#...#
#### . #...#.##
.#
#..#.##.##..#
##..##......#
#..X....#. ...#
#.@##.##.#..##.
#.....#..#
...#.#
#..#..#.###.
...# . .
[.#.... .# .##
## . ... ##..#
.#..##. # .ยง
#. # #. #


You could see a large abomination.

Vanquished Creatures
  2 hill giants (D:11)
  A griffon (D:11)
  5 two-headed ogres
  A wyvern (D:9)
  A wraith (D:11)
  A yak (D:9)
  A hungry ghost (D:7)
  A hippogriff (D:7)
  A warg (Orc:4)
  Duvessa (D:8)
  2 slaves (D:5)
  4 sky beasts
  2 ice beasts (D:11)
  2 black bears
  A necrophage (D:7)
  An orc warrior (D:7)
  A phantom (D:11)
  16 ogres
  Sigmund (D:2)
  2 big kobolds
  3 giant frogs
  3 scorpions (D:6)
  A troll zombie (D:11)
  3 killer bees
  2 goliath beetles (D:6)
  10 wights
  A centaur zombie (D:11)
  4 orc priests
  3 giant frog zombies
  5 hounds
  4 crimson imps
  2 jellies
  13 orc wizards
  Natasha (twice) (D:5)
  An iguana (D:4)
  2 killer bee zombies
  A sheep (Orc:2)
  7 worker ants
  3 ogre zombies (D:11)
  Ijyb (D:3)
  A worker ant zombie (D:6)
  13 adders
  A river rat (D:9)
  7 giant mites
  2 shadow imps
  An ufetubus (Abyss:3)
  4 worms
  An adder zombie (D:9)
  30 orcs
  A ball python (D:2)
  17 bats
  3 bat skeletons
  8 giant cockroaches
  16 goblins
  22 hobgoblins
  10 jackals
  3 quokkas
  3 giant geckos
  6 giant newts
  A giant spore (D:7)
  3 goblin skeletons (D:11)
  3 goblin zombies (D:11)
  A hobgoblin skeleton (D:11)
  A jackal skeleton (D:5)
  30 kobolds
  2 orc skeletons (D:11)
  3 orc zombies (D:11)
  A quokka skeleton (D:5)
  2 quokka zombies
  13 rats
  2 ballistomycetes (D:6)
  A butterfly (D:9)
330 creatures vanquished.

Vanquished Creatures (collateral kills)
  Donald (Orc:3)
  Gastronok (Orc:2)
  Fannar (D:11)
  A hill giant (D:11)
  A cyclops (Orc:2)
  A centaur skeleton (D:11)
  A gargoyle (D:11)
  A troll (Orc:3)
  A merfolk (D:9)
  A two-headed ogre (Orc:4)
  A wyvern (D:9)
  4 yaks (D:9)
  A trapdoor spider (D:11)
  A hippogriff (D:8)
  A mottled dragon (D:11)
  A water moccasin (D:9)
  An ice beast (D:9)
  3 phantoms
  A black bear (D:8)
  A centaur (D:11)
  3 orc warriors
  A giant frog (D:9)
  5 ogres
  Blork the orc (D:8)
  A big kobold (D:9)
  A scorpion (D:10)
  A troll zombie (D:11)
  4 killer bees
  2 goliath beetles
  5 wights
  A giant frog zombie (D:11)
  Dowan (D:8)
  A jelly (D:8)
  3 hounds
  14 orc wizards
  A giant frog skeleton (D:8)
  4 orc priests
  A worker ant (D:11)
  An iguana (D:7)
  A sheep (Orc:2)
  An ogre zombie (D:11)
  A shadow imp (D:11)
  18 orcs
  6 goblins
  4 hobgoblins
  A goblin zombie (D:11)
  A hobgoblin skeleton (D:11)
  A hobgoblin zombie (D:11)
  10 kobolds
  3 orc skeletons (D:11)
  An orc zombie (D:11)
  2 rats
126 creatures vanquished.

Vanquished Creatures (others)
  An orc warrior (D:8)
  2 orc priests
  4 orc wizards
  24 orcs
  A bat skeleton (D:4)
  A hobgoblin (D:11)
  A giant spore (D:6)
  A lurking horror (Abyss:1)
35 creatures vanquished.

Grand Total: 491 creatures vanquished

Notes
Turn   | Place    | Note
--------------------------------------------------------------
     0 | D:1      | Fluffy, the Hill Orc Gladiator, began the quest for the Orb.
     0 | D:1      | Reached XP level 1. HP: 18/18 MP: 1/1
   101 | D:1      | Reached XP level 2. HP: 22/25 MP: 2/2
   662 | D:2      | Reached skill level 1 in Armour
   662 | D:2      | Reached XP level 3. HP: 29/31 MP: 3/3
   921 | D:2      | Reached XP level 4. HP: 39/39 MP: 4/4
  1180 | D:2      | Noticed Sigmund
  1195 | D:2      | Killed Sigmund
  1195 | D:2      | Reached skill level 5 in Axes
  1195 | D:2      | Reached XP level 5. HP: 25/47 MP: 5/5
  1762 | D:2      | You fall through a shaft!
  1876 | D:3      | Reached XP level 6. HP: 45/53 MP: 6/6
  2078 | D:3      | Found an ancient bone altar of Kikubaaqudgha.
  2137 | D:3      | Noticed Ijyb
  2152 | D:3      | Killed Ijyb
  2198 | D:3      | Found a bloodstained altar of Trog.
  2210 | D:3      | Reached skill level 5 in Fighting
  2779 | D:4      | Reached skill level 6 in Axes
  3044 | D:4      | Reached XP level 7. HP: 20/61 MP: 7/7
  3058 | D:4      | Became a worshipper of Beogh the Brigand
  3277 | D:4      | Beogh protects you from harm!
  3853 | D:4      | Reached skill level 5 in Armour
  4261 | D:5      | Entered Level 5 of the Dungeon
  4312 | D:5      | Found a staircase to the Ecumenical Temple.
  4366 | D:5      | Reached skill level 7 in Axes
  4396 | D:5      | Noticed Natasha
  4406 | D:5      | Killed Natasha
  4458 | D:5      | Reached XP level 8. HP: 59/71 MP: 8/8
  4464 | D:5      | Gained mutation: You can spit poison. [potion of beneficial mutation]
  4465 | D:5      | Gained mutation: You have very sharp teeth. [potion of beneficial mutation]
  4510 | D:5      | Noticed Natasha
  4513 | D:5      | Killed Natasha
  5074 | D:5      | Acquired Beogh's first power
  5239 | D:6      | Reached skill level 8 in Axes
  5515 | D:6      | Found a runed door.
  5784 | D:6      | Found a runed door.
  5846 | D:6      | Reached skill level 9 in Axes
  5898 | D:6      | Reached XP level 9. HP: 65/81 MP: 9/9
  6023 | D:6      | Acquired Beogh's second power
  6922 | D:7      | Found Koped's Weapon Boutique.
  6968 | D:7      | Reached skill level 10 in Axes
  7010 | D:7      | Acquired Beogh's third power
  7303 | D:7      | Found a sparkling altar of Nemelex Xobeh.
  7304 | D:7      | Found an opulent altar of Gozag.
  7571 | D:8      | Noticed Blork the orc
  7581 | D:8      | Killed Blork the orc
  7581 | D:8      | Reached skill level 1 in Invocations
  7588 | D:8      | Noticed Duvessa
  7588 | D:8      | Noticed Dowan
  7595 | D:8      | Killed Dowan
  7608 | D:8      | Killed Duvessa
  7686 | D:8      | Found a shattered altar of Ashenzari.
  7751 | D:8      | Found a sparkling altar of Nemelex Xobeh.
  7819 | D:8      | Reached XP level 10. HP: 92/92 MP: 13/13
  7825 | D:8      | Found a stormy altar of Qazlal.
  7826 | D:8      | Found an iron altar of Okawaru.
  7869 | D:8      | Found Zin's Purification Station.
  7872 | D:8      | Found a glowing silver altar of Zin.
  7978 | D:8      | Found Ocvi's Armour Emporium.
  8078 | D:9      | Acquired Beogh's fourth power
  8114 | D:9      | Reached skill level 10 in Fighting
  8114 | D:9      | Reached skill level 11 in Axes
  8610 | D:9      | Identified a scroll of acquirement
  8611 | D:9      | Got a fine executioner's axe
  8612 | D:9      | Identified the +7 executioner's axe of Exoneration {elec, rC+ Dex+2} (You acquired it on level 9 of the Dungeon)
  8657 | D:9      | Identified a +0 pair of boots of running (You acquired it on level 9 of the Dungeon)
  8724 | D:9      | Found a staircase to the Lair.
  9149 | D:10     | Entered Level 10 of the Dungeon
  9318 | D:10     | Reached skill level 5 in Invocations
  9668 | D:11     | Noticed Fannar
  9784 | D:11     | Killed Fannar
  9784 | D:11     | Gained Wulfoc as an ally
  9784 | D:11     | Reached skill level 12 in Axes
  9784 | D:11     | Reached XP level 11. HP: 37/102 MP: 18/21
 10095 | D:11     | Noticed a hill giant
 10100 | D:11     | Killed a hill giant
 10113 | D:11     | Reached skill level 10 in Armour
 10275 | D:11     | Found a blossoming altar of Fedhas.
 10305 | D:11     | Acquired Beogh's fifth power
 10322 | D:11     | Gained Dorog as an ally
 10332 | D:11     | Found a staircase to the Orcish Mines.
 10450 | D:11     | Noticed a hill giant
 10457 | D:11     | Killed a hill giant
 10577 | D:11     | Noticed a hill giant
 10582 | D:11     | Killed a hill giant
 10844 | D:11     | Noticed a griffon
 10851 | D:11     | Killed a griffon
 10913 | Orc:1    | Entered Level 1 of the Orcish Mines
 10944 | Orc:2    | Noticed Gastronok
 10954 | Orc:2    | Killed Gastronok
 11277 | Orc:1    | Found Stoaxuokk's Jewellery Shoppe.
 11457 | Orc:3    | Found a staircase to the Elven Halls.
 11465 | Orc:3    | Noticed Donald
 11473 | Orc:3    | Killed Donald
 11473 | Orc:3    | Reached skill level 13 in Axes
 11579 | Orc:3    | Found Threcsom's Food Shoppe.
 11584 | Orc:3    | Found a bloodstained altar of Trog.
 11983 | Orc:2    | Gained Grimold as an ally
 12157 | Orc:1    | Gained Arkwar as an ally
 12161 | Orc:1    | Your ally Arkwar died
 12183 | Orc:1    | Found Warphi's Distillery.
 12447 | Orc:4    | Entered Level 4 of the Orcish Mines
 12505 | Orc:4    | Gained Wargrak as an ally
 12505 | Orc:4    | Reached XP level 12. HP: 112/112 MP: 24/24
 12534 | Orc:4    | Noticed an ogre mage
 12537 | Orc:4    | Noticed an ogre mage
 12537 | Orc:4    | Noticed an ogre mage
 12543 | Orc:4    | Noticed an ogre mage
 12546 | Orc:4    | Cast into the Abyss (an ogre mage)
 12644 | Abyss:3  | Slain by a large abomination

Action                   |  1- 3 |  4- 6 |  7- 9 | 10-12 || total
-------------------------+-------+-------+-------+-------++-------
Melee: War axe           |    81 |   227 |   370 |       ||   678
       Hand axe          |       |       |   163 |    88 ||   251
       Executioner's axe |       |       |       |   201 ||   201
Throw: Throwing net      |       |     1 |       |       ||     1
Invok: Convert to Beogh  |       |       |     1 |       ||     1
       Recall Orcish Fol |       |       |       |     2 ||     2
 Abil: Spit Poison       |       |       |     9 |       ||     9
  Use: Scroll            |       |       |    20 |     7 ||    27
       Potion            |       |       |     2 |     1 ||     3
 Stab: Held in net/web   |       |     1 |       |       ||     1
       Distracted        |       |       |     1 |     4 ||     5
  Eat: Chunk             |       |     7 |    16 |    15 ||    38
       Pizza             |       |       |     1 |       ||     1
